 Dungeon Sprint DCSS version 0.21-a0-297-ga3d34c2 (webtiles) character file.

567 Kidiri the Thaumaturge (level 7, -8/36 HPs)
             Began as a Deep Elf Fire Elementalist on Sept 28, 2017.
             Was a High Priest of Vehumet.
             Mangled by Urug
             ... wielding a +6 long sword
              (19 damage)
             ... in the Dungeon (Sprint VII: "The Pits").
             The game lasted 00:03:37 (739 turns).

Kidiri the Thaumaturge (Deep Elf Fire Elementalist)  Turns: 739, Time: 00:03:37

Health: -8/36      AC:  2    Str:  5    XL:     7   Next: 11%
Magic:  22/26      EV: 13    Int: 22    God:    Vehumet [*****.]
Gold:   0          SH:  0    Dex: 15    Spells: 10/33 levels left

rFire    . . .     SeeInvis .   k - +2 dagger
rCold    . . .     Gourm    .   (no shield)
rNeg     . . .     Faith    .   a - +0 robe
rPois    .         Spirit   .   (no helmet)
rElec    .         Reflect  .   (no cloak)
rCorr    .         Harm     .   (no gloves)
MR       .....     NoTele   +   (no boots)
Stlth    ++........             (no amulet)
HPRegen  0.12/turn              (no ring)
MPRegen  0.20/turn              (no ring)

@: no status effects
A: no striking features
a: Renounce Religion


You were in the Dungeon.
You worshipped Vehumet.
Vehumet was extremely pleased with you.
You were not hungry.

You visited 1 branch

Inventory:

Hand Weapons
 k - a +2 dagger (weapon)
Armour
 a - a +0 robe (worn)
 t - a +0 chain mail
Scrolls
 i - a scroll of blinking
 m - 3 scrolls of remove curse
 n - 5 scrolls of amnesia
 o - a scroll of summoning
Potions
 d - 6 potions of curing
 e - 5 potions of heal wounds
 f - a potion of haste
 g - 3 potions of magic
 h - 3 potions of berserk rage
 l - 2 potions of invisibility
Books
 b - a book of Flames

   Spells                             Type                      Level
   a - Flame Tongue                   Conjuration/Fire             1
   b - Throw Flame                    Conjuration/Fire             2
   c - Conjure Flame                  Conjuration/Fire             3
   d - Inner Flame                    Hexes/Fire                   3
   e - Sticky Flame                   Conjuration/Fire             4
   f - Fireball                       Conjuration/Fire             5
Comestibles
 c - 8 bread rations
 j - 12 chunks of flesh
 p - 40 fruits
 q - 7 meat rations


   Skills:
 - Level 2.4 Dodging
 - Level 2.4 Stealth
 * Level 13.8 Spellcasting
 + Level 8.4 Conjurations
 + Level 9.0 Fire Magic


You had 10 spell levels left.
You knew the following spells:

 Your Spells              Type           Power        Failure   Level  Hunger
a - Flame Tongue          Conj/Fire      #####        1%          1    None
b - Throw Flame           Conj/Fire      ######       1%          2    None
c - Conjure Flame         Conj/Fire      ######..     1%          3    None
d - Inner Flame           Hex/Fire       #####...     1%          3    None
e - Ignite Poison         Fire/Tmut/Pois ####....     1%          3    None
f - Sticky Flame          Conj/Fire      ######..     1%          4    None
g - Fireball              Conj/Fire      ######....   1%          5    ###....
h - Throw Frost           Conj/Ice       ####..       1%          2    None


Dungeon Overview and Level Annotations

Branches:
Dungeon (1/1)

Altars:
Ashenzari
Cheibriados
Dithmenos
Elyvilon
Fedhas
Gozag
Hepliaklqana
Kikubaaqudgha
Makhleb
Nemelex Xobeh
Okawaru
Qazlal
Ru
Sif Muna
Trog
Uskayaw
Vehumet
Wu Jian
Xom
Yredelemnul
Zin
The Shining One
Beogh
Jiyva
Lugonu

Annotations:
D Urug


Message History

Urug hits you with an enchanted long sword!
There is an open door, spattered with blood here.
Casting: Conjure Flame
Confirm with . or Enter, or press ? or * to list all spells.
You can't see any susceptible monsters within range! (Use Z to cast anyway.) Unknown command.
Casting: Conjure Flame
Confirm with . or Enter, or press ? or * to list all spells.
Aiming: Sticky Flame
Press: ? - help, Shift-Dir - straight line, f - Urug
Aim: Urug, wielding an enchanted long sword and wearing a scale mail The sticky flame hits Urug.
Urug is lightly wounded.
Urug is covered in liquid flames!
Urug burns!
Urug hits you with an enchanted long sword!
Unknown command.
You open the door.
Urug burns!
Urug hits you with an enchanted long sword!!
Ouch! That really hurt!
You die...

#.#.)÷.)...##.......#
#.#........##.......#
#÷###########.......#
#).)....# #########
#)###...# #)#.....#
#.#...#.#+#
#.....#.#o+
#...###.#@#
#.......'(#
###########


You could see Urug (burning).

Vanquished Creatures
  A hungry ghost (D)
  A sky beast (D)
  An ice beast (D)
  A bullfrog (D)
  A quasit (D)
  2 orc priests (D)
  2 orc wizards (D)
  2 adders (D)
  A river rat (D)
  An ufetubus (D)
  4 orcs (D)
  A ball python (D)
  A bat (D)
  A goblin (D)
20 creatures vanquished.

Notes
Turn   | Place    | Note
-------+----------+-------------------------------------------
     0 | D        | Kidiri the Deep Elf Fire Elementalist began the quest for the Orb.
     0 | D        | Reached XP level 1. HP: 10/10 MP: 6/6
    56 | D        | Found a bloodstained altar of Trog.
    56 | D        | Found a deep blue altar of Sif Muna.
    56 | D        | Found a viscous altar of Jiyva.
    56 | D        | Found a hazy altar of Hepliaklqana.
    56 | D        | Found an opulent altar of Gozag.
    57 | D        | Found a glowing golden altar of the Shining One.
    57 | D        | Found a glowing silver altar of Zin.
    57 | D        | Found a basalt altar of Yredelemnul.
    57 | D        | Found a shimmering altar of Xom.
    57 | D        | Found an ornate altar of the Wu Jian Council.
    57 | D        | Found a sacrificial altar of Ru.
    57 | D        | Found a stormy altar of Qazlal.
    57 | D        | Found an iron altar of Okawaru.
    57 | D        | Found a sparkling altar of Nemelex Xobeh.
    57 | D        | Found a burning altar of Makhleb.
    57 | D        | Found a blossoming altar of Fedhas.
    57 | D        | Found a white marble altar of Elyvilon.
    57 | D        | Found a shadowy altar of Dithmenos.
    57 | D        | Found a snail-covered altar of Cheibriados.
    59 | D        | Found a radiant altar of Vehumet.
    59 | D        | Found a corrupted altar of Lugonu.
    59 | D        | Found a roughly hewn altar of Beogh.
    60 | D        | Found a hide-covered altar of Uskayaw.
    60 | D        | Found an ancient bone altar of Kikubaaqudgha.
    60 | D        | Found a shattered altar of Ashenzari.
    67 | D        | Became a worshipper of Vehumet
    87 | D        | Reached skill level 5 in Spellcasting
    87 | D        | Reached XP level 2. HP: 9/15 MP: 2/10
   293 | D        | Learned a level 2 spell: Throw Flame
   297 | D        | Reached * piety under Vehumet
   297 | D        | Offered knowledge of Freeze by Vehumet.
   297 | D        | Reached skill level 6 in Spellcasting
   303 | D        | Reached XP level 3. HP: 8/19 MP: 3/13
   308 | D        | Learned a level 3 spell: Conjure Flame
   312 | D        | Learned a level 3 spell: Inner Flame
   485 | D        | Offered knowledge of Throw Frost by Vehumet.
   485 | D        | Reached ** piety under Vehumet
   489 | D        | Learned a level 2 spell: Throw Frost
   491 | D        | Noticed a bullfrog
   497 | D        | Killed a bullfrog
   497 | D        | Reached skill level 8 in Spellcasting
   497 | D        | Reached skill level 5 in Fire Magic
   497 | D        | Reached XP level 4. HP: 24/24 MP: 4/16
   577 | D        | Learned a level 4 spell: Sticky Flame
   581 | D        | Noticed a sky beast
   590 | D        | Offered knowledge of Ignite Poison by Vehumet.
   590 | D        | Reached skill level 9 in Spellcasting
   590 | D        | Reached skill level 5 in Conjurations
   590 | D        | Reached *** piety under Vehumet
   590 | D        | Reached skill level 10 in Spellcasting
   590 | D        | Reached XP level 5. HP: 28/28 MP: 4/19
   593 | D        | Killed a sky beast
   593 | D        | Reached **** piety under Vehumet
   593 | D        | Reached skill level 11 in Spellcasting
   593 | D        | Reached XP level 6. HP: 32/32 MP: 7/22
   606 | D        | Noticed an ice beast
   608 | D        | Reached skill level 12 in Spellcasting
   609 | D        | Noticed a hungry ghost
   612 | D        | Killed an ice beast
   612 | D        | Reached skill level 13 in Spellcasting
   623 | D        | Killed a hungry ghost
   623 | D        | Reached XP level 7. HP: 24/36 MP: 22/26
   632 | D        | Learned a level 5 spell: Fireball
   636 | D        | Learned a level 3 spell: Ignite Poison
   721 | D        | Offered knowledge of Force Lance by Vehumet.
   721 | D        | Reached ***** piety under Vehumet
   736 | D        | Noticed Urug
   739 | D        | Mangled by Urug

Vault maps used:
D:        pitsprint

Skill      XL: |  1  2  3  4  5  6  7 |
---------------+----------------------+-----
Spellcasting   | 5 6 8 10 11 13 | 13.8
Conjurations   | 2 3 4 5 6 8 |  8.4
Fire Magic     | 4 5 6 7 8 9 |  9.0
Dodging        | |  2.4
Stealth        | |  2.4

Action                   |  1- 3 |  4- 6 |  7- 9 || total
-------------------------+-------+-------+-------++-------
Melee: Dagger            |       |       |     1 ||     1
 Cast: Flame Tongue      |    20 |    16 |     3 ||    39
       Inner Flame       |     1 |     3 |       ||     4
       Conjure Flame     |     1 |     2 |       ||     3
       Throw Flame       |     1 |       |       ||     1
       Sticky Flame      |       |     1 |     2 ||     3
  Use: Potion            |     1 |     1 |       ||     2
 Stab: Sleeping          |       |       |     1 ||     1
Armor: Robe              |       |       |     1 ||     1
Dodge: Dodged            |     5 |     1 |       ||     6

Table legend:
 A = Spawn XP
 B = Non-spawn XP
 C = Spawn XP percentage of total XP
 D = Spawn monster count
 E = Non-spawn monster count
 F = Spawn count percentage of total count
 G = Total turns spent on level
                    A         B        C        D         E        F      G
               +---------+---------+-------+---------+---------+-------+---------
         Total |       0 |     811 |   0.0 |       0 |      20 |   0.0 |   739
               +---------+---------+-------+---------+---------+-------+---------
             D |       0 |     811 |   0.0 |       0 |      20 |   0.0 |   739
               +---------+---------+-------+---------+---------+-------+---------
